 Dungeon Crawl Stone Soup version 0.23-a0-143-g1adec7b (webtiles) character file.

105 galech the Skirmisher (level 4, 0/36 HPs)
             Began as a Demonspawn Monk on Sept 4, 2018.
             Was a Believer of Okawaru.
             Slain by an orc priest
             ... wielding a +0 trident
              (5 damage)
             ... on level 3 of the Dungeon.
             The game lasted 00:03:35 (2175 turns).

galech the Skirmisher (Demonspawn Monk)             Turns: 2175, Time: 00:03:36

Health: 0/36       AC:  8    Str: 12    XL:     4   Next: 53%
Magic:  0/4        EV:  9    Int: 11    God:    Okawaru [**....]
Gold:   123        SH:  0    Dex: 16    Spells: 3/3 levels left

rFire    . . .     SeeInvis +   a - +0 hand axe
rCold    . . .     Gourm    .   (no shield)
rNeg     . . .     Faith    .   p - +0 scale mail
rPois    .         Spirit   +   (helmet restricted)
rElec    .         Reflect  .   e - scarf {repulsion}
rCorr    .         Harm     .   o - +0 pair of gloves
MR       .....                  l - +0 pair of boots {Stlth+}
Stlth    +.........             (no amulet)
HPRegen  0.12/turn              n - ring of see invisible
MPRegen  0.09/turn              (no ring)

@: heavily drained, repel missiles
A: horns 1, magic shield
a: Heroism, Renounce Religion


You were on level 3 of the Dungeon.
You worshipped Okawaru.
Okawaru was pleased with you.
You were not hungry.

You visited 1 branch of the dungeon, and saw 3 of its levels.

You collected 123 gold pieces.

Inventory:

Hand Weapons
 a - a +0 hand axe (weapon)
Armour
 e - a scarf of repulsion (worn)
 l - a +0 pair of boots of stealth (worn)
 o - a +0 pair of gloves (worn)
 p - a +0 scale mail (worn)
Jewellery
 n - a ring of see invisible (left hand)
Scrolls
 i - 2 scrolls of remove curse
 k - 2 scrolls of fear {unknown}
Potions
 d - 2 potions of invisibility {unknown}
 g - a potion of haste {unknown}
 h - 2 potions of flight {unknown}
 j - a potion of heal wounds {unknown}
 m - a potion of might {unknown}
Comestibles
 b - 4 chunks of flesh
 c - 6 rations


   Skills:
 + Level 3.6(1.3) Fighting
 + Level 3.4(1.2) Axes
 + Level 0.2(0.0) Armour
 + Level 3.6(1.3) Dodging
 + Level 2.0(0.0) Stealth
 + Level 1.0(0.0) Invocations


You had 3 spell levels left.
You didn't know any spells.
Your spell library was empty.

Dungeon Overview and Level Annotations

Branches:
Dungeon (3/15)

Altars:
Ashenzari
Nemelex Xobeh
Okawaru


Innate Abilities, Weirdness & Mutations

You have a pair of small horns on your head.
When hurt, damage is shared between your health and your magic reserves.


Message History

You headbutt the orc priest, but do no damage.
The orc priest is heavily wounded.
You hit the dart slug.
The dart slug bites you but does no damage.
The orc priest hits you but does no damage.
You barely miss the orc priest.
The orc priest is heavily wounded.
You hit the dart slug.
The orc priest invokes the aid of Beogh against you.
Beogh smites you!
* * * LOW HITPOINT WARNING * * *
The dart slug bites you but does no damage.
You hit the orc priest but do no damage.
You headbutt the orc priest.
The orc priest is severely wounded.
You hit the dart slug.
You kill the dart slug!
Okawaru accepts your kill. The bat closely misses you.
The orc priest hits you with a trident.
You die...

#....................
#....##.##.....##.##.
######..###.#.##.#.##.#.## ....
#.......#(..#..)###...#..# ....
#.......###.#.##.#.##.#.##
....##
#.........##.##.....##.##.
.....#
#......#..(...............
....###.......b.....###.........
#..#.........o@<.......########
g##.<#.#......##..########
.g.....#......##..#
.##.)###..o...#...#
#......#o.....#.#
#.............#.#
......ยง...........#
..................#
............(......


You could see an orc priest and a bat.

Vanquished Creatures
  2 adders (D:2)
  A worm (D:2)
  5 dart slugs
  7 orcs
  A ball python (D:1)
  A giant cockroach (D:1)
  11 goblins
  11 hobgoblins
  3 jackals (D:2)
  8 bats
  3 frilled lizards
  6 kobolds
  5 rats
64 creatures vanquished.

Notes
Turn   | Place    | Note
-------+----------+-------------------------------------------
     0 | D:1      | galech the Demonspawn Monk began the quest for the Orb.
     0 | D:1      | Reached XP level 1. HP: 18/18 MP: 1/1
   141 | D:1      | Gained mutation: When hurt, damage is shared between your
                  | health and your magic reserves. [demonic ancestry]
   141 | D:1      | Reached XP level 2. HP: 18/24 MP: 2/2
   717 | D:1      | Reached XP level 3. HP: 26/29 MP: 3/3
   873 | D:2      | Found a shattered altar of Ashenzari.
  1077 | D:2      | Found a sparkling altar of Nemelex Xobeh.
  1103 | D:2      | Found an iron altar of Okawaru.
  1125 | D:2      | Became a worshipper of Warmaster Okawaru
  1125 | D:2      | Reached * piety under Okawaru
  1125 | D:2      | Reached ** piety under Okawaru
  1494 | D:2      | Gained mutation: You have a pair of small horns on your
                  | head. [demonic ancestry]
  1494 | D:2      | Reached XP level 4. HP: 23/35 MP: 2/4
  1809 | D:2      | Reached skill level 1 in Invocations
  2175 | D:3      | Slain by an orc priest

Vault maps used:
D:1:      minmay_arrival_solitary_statue
D:2:      lemuel_doored_altar, nemelex_xobeh_ov_fountains_minmay,
          okawaru_trees_2
D:3:      xom_butterflies, nicolae_overflow_crystal_walls, minmay_ruptured,
          uniq_robin, uniq_purgy, uniq_natasha

Skill      XL: |  1  2  3  4 |
---------------+-------------+-----
Dodging        | 3 |  3.6
Axes           | 3 |  3.4
Stealth        | 2 |  2.0
Invocations    | 1 |  1.0
Fighting       | |  3.6
Armour         | |  0.2

Action                   |  1- 3 |  4- 6 || total
-------------------------+-------+-------++-------
Melee: Hand axe          |   145 |    51 ||   196
       Headbutt          |       |    11 ||    11
Invok: Heroism           |       |     1 ||     1
  Use: Scroll            |     1 |       ||     1
 Stab: Sleeping          |     4 |       ||     4
  Eat: Chunk             |     2 |     2 ||     4
Armor: Robe              |    29 |     2 ||    31
       Scale mail        |       |    59 ||    59
Dodge: Dodged            |   128 |    48 ||   176
       Deflected         |     3 |       ||     3

Table legend:
 A = Non-vault XP
 B = Vault XP
 C = Vault XP percentage of total XP
 D = Non-vault monster count
 E = Vault monster count
 F = Vault count percentage of total count
                 A         B        C        D         E       F
            +---------+---------+-------+---------+---------+-------
      Total |     132 |      18 |  12.0 |      54 |      10 |  15.6
            +---------+---------+-------+---------+---------+-------
        D:1 |      42 |       0 |   0.0 |      24 |       0 |   0.0
        D:2 |      81 |      12 |  12.9 |      26 |       7 |  21.2
        D:3 |       9 |       6 |  40.0 |       4 |       3 |  42.9
            +---------+---------+-------+---------+---------+-------
